General information
- name: BNet
- type: Ladder 1vs1/FFA
- host: Battle.net
- saver: Ghocher
map: TerenasStand
- players: 2
- length: 16:01
- speed: Fast
- version: 1.23 W3XP
- replay type: Public
» download(49 KB)
Players
team 1 (loser)
FartMask (
teal | 59 APM | 946 actions | 15:59)
3 Blademaster
2 Wind Walk
1 Critical Strike
2 Shadow Hunter
1 Hex
1 Healing Wave
» actions
| Assign group hotkey | 30 | |
| Basic commands | 18 | |
| Build / train | 52 | |
| Enter build submenu | 14 | |
| Enter hero's abilities submenu | 5 | |
| Give item / drop item | 3 | |
| Right click | 467 | |
| Select / deselect | 193 | |
| Select group hotkey | 78 | |
| Use ability | 86 | |
946 total
» units
| Peon | 8 | |
| Grunt | 3 | |
| Raider | 8 | |
| Spirit Walker | 6 | |
| Kodo Beast | 1 | |
26 total
» upgrades
| Ensnare | 1 | |
| Spirit Walker Training | 1 | |
2 total
» buildings
| Altar of Storms | 1 | |
| Orc Burrow | 4 | |
| Barracks | 1 | |
| Voodoo Lounge | 2 | |
| Stronghold | 2 | |
| War Mill | 1 | |
| Beastiary | 2 | |
| Spirit Lodge | 2 | |
| Watch Tower | 1 | |
16 total
» build order
00:05 Altar of Storms
00:12 Orc Burrow
00:40 Barracks
01:31 Orc Burrow
02:03 Voodoo Lounge
02:45 Stronghold
02:45 Stronghold
03:47 War Mill
04:24 Orc Burrow
05:17 Beastiary
05:25 Spirit Lodge
05:54 Watch Tower
07:30 Spirit Lodge
10:02 Beastiary
10:04 Voodoo Lounge
10:41 Orc Burrow
» items
| Healing Salve | 4 | |
| Lesser Clarity Potion | 3 | |
| Scroll of Speed | 1 | |
| Circlet of Nobility | 1 | |
| Boots of Speed | 1 | |
| Potion of Healing | 5 | |
15 total
team 2 (winner)
Ghocher (
yellow | 82 APM | 1313 actions | 16:01)
5 Blademaster
2 Wind Walk
3 Critical Strike
3 Shadow Hunter
1 Hex
2 Healing Wave
» actions
| Assign group hotkey | 17 | |
| Basic commands | 136 | |
| Build / train | 51 | |
| Enter build submenu | 15 | |
| Enter hero's abilities submenu | 8 | |
| Give item / drop item | 1 | |
| Remove unit from queue | 1 | |
| Right click | 381 | |
| Select / deselect | 323 | |
| Select group hotkey | 303 | |
| Use ability | 77 | |
1313 total
» units
| Peon | 11 | |
| Grunt | 6 | |
| Spirit Walker | 2 | |
| Raider | 4 | |
| Kodo Beast | 1 | |
24 total
» upgrades
| Berserker Strength | 1 | |
| Ensnare | 1 | |
| Spirit Walker Training | 1 | |
| Armor | 2 | |
| Witch Doctor Training | 2 | |
| War Drums Damage Increase | 1 | |
| Pillage | 1 | |
9 total
» buildings
| Altar of Storms | 1 | |
| Orc Burrow | 6 | |
| Barracks | 1 | |
| Voodoo Lounge | 1 | |
| War Mill | 1 | |
| Stronghold | 1 | |
| Watch Tower | 1 | |
| Beastiary | 1 | |
| Spirit Lodge | 1 | |
| Fortress | 1 | |
| Great Hall | 1 | |
16 total
» build order
00:04 Altar of Storms
00:17 Orc Burrow
00:38 Barracks
01:25 Orc Burrow
02:40 Voodoo Lounge
03:22 War Mill
04:02 Stronghold
04:21 Orc Burrow
04:35 Watch Tower
05:19 Orc Burrow
06:28 Beastiary
06:29 Spirit Lodge
10:16 Orc Burrow
10:22 Fortress
12:02 Great Hall
14:28 Orc Burrow
» items
| Healing Salve | 3 | |
| Dust of Appearance | 1 | |
| Potion of Healing | 1 | |
5 total
Chat log
(00:06 / All) Ghocher: gl
(00:15 / All) FartMask: u 2
(15:55 / All) FartMask: gg
(15:57 / All) Ghocher: gg